AoeStats
← HUESOS

Arabia

509956461Analyzed
3v3 RM · 3d ago on Sep 28, 2026· 49m 4s· 6 players
Game mode
Random Map
Map size
Normal (6 player)
Population
200
Speed
Normal
Resources
Standard
Victory
Conquest
Starting age
Dark Age
Ending age
Imperial Age
RankedLock teamsTeams togetherTeam positionsShared explorationLock speedFull tech treeHidden civsTurbo modeCheats
Victory
Defeat
🇰🇿 Danes · Kazakhstan
871
+15
🇬🇷 Britons · Greece
849
+16
🇬🇧 Koreans · United Kingdom
846
+16
🇨🇿 Burgundians · Czechia
897
-17
🇨🇿 Teutons · Czechia
855
-16
🇨🇿 Persians · Czechia
804
-14
kuro3bb
1:46 Loom
10:03 Feudal Age
10:32 Double-Bit Axe
11:31 Wheelbarrow
16:24 Gold Mining
16:27 Stone Mining
20:13 Castle Age
21:03 Bow Saw
21:30 Stone Shaft Mining
25:05 Hand Cart
24:57 Horse Collar
25:41 Hand Cart
30:31 Fletching
30:47 Scale Barding Armor
33:49 Gold Shaft Mining
34:42 Ballistics
34:19 Bodkin Arrow
34:45 Chain Barding Armor
34:28 Husbandry
37:43 Imperial Age
37:18 Pikeman
37:58 Squires
37:52 Elite War Wagon
38:58 Conscription
42:59 Elite Fire Lancer
43:30 Man-at-Arms
47:30 Long Swordsman
48:22 Forging
48:12 Scale Mail Armor
48:13 Bracer
HUESOS
9:54 Feudal Age
14:42 Castle Age
17:00 Double-Bit Axe
16:57 Horse Collar
17:14 Loom
20:23 Scale Mail Armor
20:33 Forging
23:15 Iron Casting
33:31 Pikeman
35:39 Squires
35:24 Gambesons
37:45 Arson
38:23 Chain Mail Armor
40:14 Caravan
40:26 Bow Saw
40:27 Heavy Plow
43:28 Wheelbarrow
44:53 Hand Cart
45:28 Hamask
50:37 Imperial Age
49:13 Gold Mining
avvocatore
0:29 Loom
11:42 Feudal Age
12:34 Double-Bit Axe
13:42 Wheelbarrow
13:25 Town Watch
13:23 Horse Collar
16:38 Gold Mining
17:42 Scale Mail Armor
23:24 Castle Age
21:54 Forging
22:13 Stone Mining
22:19 Man-at-Arms
24:08 Squires
23:30 Long Swordsman
24:32 Bow Saw
24:14 Pikeman
25:02 Gambesons
26:18 Arson
30:46 Hand Cart
31:08 Gold Shaft Mining
35:45 Heavy Plow
35:47 Town Patrol
36:27 Iron Casting
37:34 Fletching
38:16 Chain Mail Armor
42:03 Bodkin Arrow
45:47 Imperial Age
47:03 Plate Mail Armor
47:34 Blast Furnace
46:34 Bracer
47:41 Two-Man Saw
46:35 Halberdier
48:58 Elite Longbowman
49:59 Yeomen
supermaso8970
10:12 Feudal Age
8:27 Loom
16:59 Horse Collar
20:32 Castle Age
19:14 Double-Bit Axe
21:34 Man-at-Arms
23:37 Forging
23:07 Long Swordsman
26:57 Squires
27:34 Iron Casting
26:59 Scale Mail Armor
30:09 Chain Mail Armor
42:07 Scale Barding Armor
47:43 Elite Skirmisher
Darline
12:03 Feudal Age
12:02 Double-Bit Axe
12:01 Horse Collar
20:10 Castle Age
18:46 Bow Saw
18:37 Heavy Plow
19:05 Loom
19:41 Forging
20:41 Scale Barding Armor
20:16 Cavalier
22:26 Scale Barding Armor
24:05 Husbandry
25:54 Gold Mining
28:13 Gold Shaft Mining
28:18 Pikeman
28:58 Squires
31:42 Squires
31:27 Arson
31:48 Stone Mining
31:34 Man-at-Arms
34:21 Iron Casting
33:28 Long Swordsman
36:33 Wheelbarrow
35:44 Town Watch
38:12 Hand Cart
37:58 Town Patrol
39:29 Stone Shaft Mining
38:56 Caravan
42:33 Imperial Age
40:13 Elite Skirmisher
42:59 Crop Rotation
43:33 Two-Man Saw
42:41 Onager
43:31 Burgundian Vineyards
43:54 Conscription
43:05 Halberdier
44:26 Block Printing
45:59 Paladin
46:14 Two-Handed Swordsman
48:25 Champion
Kevin Flynn
12:36 Feudal Age
10:52 Loom
14:56 Double-Bit Axe
15:08 Gold Mining
15:09 Stone Mining
15:44 Town Watch
16:59 Horse Collar
18:15 Man-at-Arms
21:50 Padded Archer Armor
21:41 Fletching
25:06 Scale Mail Armor
30:41 Castle Age
39:54 Elite Skirmisher
41:15 Leather Archer Armor
44:23 Crossbowman
46:38 Pikeman
47:19 Squires
49:18 Bodkin Arrow
Connection lost

Rejoining the realm…

Still unreachable

The connection could not be restored.

Session expired

The server has moved on; the page needs a fresh start.